 Dungeon Crawl Stone Soup version 0.21-a0-24-ga372141 (webtiles) character file.

697 Lexie the Firebug (level 7, 0/41 HPs)
             Began as an Octopode Fire Elementalist on May 25, 2017.
             Slain by Pikel
             ... wielding a +0 whip of freezing
              (1 damage)
             ... on level 4 of the Dungeon.
             The game lasted 00:08:47 (4944 turns).

Lexie the Firebug (Octopode Fire Elementalist)      Turns: 4944, Time: 00:08:48

Health: 0/41       AC:  1    Str:  7    XL:     7   Next: 65%
Magic:  6/13       EV: 13    Int: 20    God:
Gold:   200        SH:  0    Dex: 12    Spells: 4/14 levels left

rFire    . . .     SeeInvis .   i - +0 dagger
rCold    . . .     Gourm    .   (no shield)
rNeg     . . .     Faith    .   (helmet restricted)
rPois    .         Spirit   .   (no amulet)
rElec    .         Reflect  .   (no ring)
rCorr    .         Harm     .   (no ring)
MR       .....                  (no ring)
Stlth    +++.......             (no ring)
Regen    0.2/turn               (no ring)
MPRegen  0.2/turn               (no ring)
                                (no ring)
                                (no ring)

@: no status effects
A: almost no armour, stealthy swim, amphibious, 8 rings, constrict 8, camouflage
1, gelatinous body 1
a: no special abilities


You were on level 4 of the Dungeon.
You were hungry.

You visited 1 branch of the dungeon, and saw 4 of its levels.

You collected 200 gold pieces.

Inventory:

Hand Weapons
 i - a +0 dagger (weapon)
Armour
 o - a +0 buckler
Scrolls
 f - 4 scrolls of identify {unknown}
 g - a scroll of noise {unknown}
 h - a scroll of fear {unknown}
 j - a scroll of magic mapping {unknown}
 l - a scroll of enchant weapon {unknown}
 m - a scroll of immolation {unknown}
 n - 2 scrolls of remove curse {unknown}
 q - a scroll of fog {unknown}
Potions
 e - 3 potions of curing
Books
 a - a book of Flames

   Spells                             Type                      Level
   a - Flame Tongue                   Conjuration/Fire             1
   b - Throw Flame                    Conjuration/Fire             2
   c - Conjure Flame                  Conjuration/Fire             3
   d - Inner Flame                    Hexes/Fire                   3
   e - Sticky Flame                   Conjuration/Fire             4
   f - Fireball                       Conjuration/Fire             5
 p - a book of Cantrips

   Spells                             Type                      Level
   a - Confusing Touch                Hexes                        1
   b - Animate Skeleton               Necromancy                   1
   c - Summon Small Mammal            Summoning                    1
   d - Apportation                    Translocation                1
Comestibles
 b - 3 bread rations
 d - 4 meat rations
 k - 2 royal jellies


   Skills:
 - Level 2.0 Dodging
 - Level 2.6 Stealth
 + Level 2.8 Shields
 + Level 4.4 Spellcasting
 + Level 4.4 Conjurations
 + Level 5.0 Fire Magic


You had 4 spell levels left.
You knew the following spells:

 Your Spells              Type           Power        Failure   Level  Hunger
a - Flame Tongue          Conj/Fire      ###..        1%          1    None
b - Throw Flame           Conj/Fire      ###...       2%          2    #......
c - Conjure Flame         Conj/Fire      ###.....     5%          3    ###....
d - Sticky Flame          Conj/Fire      ###.....     17%         4    ####...


Dungeon Overview and Level Annotations

Branches:
Dungeon (4/15)
 Temple: D:4-7

Altars:
Dithmenos
Nemelex Xobeh
Qazlal

Annotations:
D:4 Pikel


Innate Abilities, Weirdness & Mutations

You cannot wear most types of armour.
You are very stealthy in the water. (Stealth+)
You are amphibious.
You can wear up to eight rings at the same time.
You can use your tentacles to constrict eight enemies at once.
Your skin changes colour to match your surroundings (Stealth+).
Your rubbery body absorbs attacks. (AC +1, EV +1)


Message History

Pikel burns!
Pikel hits you with a whip of freezing. Pikel freezes you.
Pikel burns!
Pikel hits you with a whip of freezing! Pikel freezes you.
* * * LOW HITPOINT WARNING * * *
Casting: Sticky Flame
Confirm with . or Enter, or press ? or * to list all spells.
Aiming: Flame Tongue
Press: ? - help, Shift-Dir - straight line, f/p - Pikel
Aim: Pikel, wielding a whip of freezing and wearing a robe (lightly wounded, fast, covered in liquid flames)
The flame tongue hits Pikel.
Pikel is lightly wounded.
Pikel burns!
Pikel waves his whip at you. Pikel hits you with a whip of freezing.
* * * LOW HITPOINT WARNING * * *
Pikel freezes you.
* * * LOW HITPOINT WARNING * * *
Pikel hits you with a whip of freezing!
* * * LOW HITPOINT WARNING * * *
Pikel freezes you.
You die...

.. ... ##########.
... ..........# ....
..........+ .....
..........##+##.....
.....p..............
......p)p..K@.......
.............†......
.....##'##..........
... #...#..........
. #..†###########
#.............#
#.............#
#...##........#
######........#


You could see Pikel (burning) and 3 slaves.

Vanquished Creatures
  Eustachio (D:4)
  A slave (D:4)
  2 ogres (D:4)
  A scorpion (D:4)
  A centaur skeleton (D:4)
  Terence (D:3)
  Natasha (twice) (D:2)
  An iguana (D:4)
  An orc wizard (D:4)
  A worker ant (D:4)
  2 gnolls (D:3)
  4 adders
  3 worms
  2 dart slugs
  2 leopard geckos
  2 orcs (D:4)
  A ball python (D:2)
  7 giant cockroaches
  12 goblins
  8 hobgoblins
  4 jackals (D:2)
  11 kobolds
  A quokka (D:2)
  8 bats
  5 frilled lizards
  A jackal skeleton (D:4)
  5 rats
90 creatures vanquished.

Vanquished Creatures (others)
  An orc (D:3)
1 creature vanquished.

Grand Total: 91 creatures vanquished

Notes
Turn   | Place    | Note
-------+----------+-------------------------------------------
     0 | D:1      | Lexie the Octopode Fire Elementalist began the quest for the Orb.
     0 | D:1      | Reached XP level 1. HP: 11/11 MP: 3/3
   251 | D:1      | Found a sparkling altar of Nemelex Xobeh.
   276 | D:1      | Reached XP level 2. HP: 17/17 MP: 3/5
   754 | D:2      | Reached XP level 3. HP: 18/21 MP: 0/6
  1277 | D:2      | Reached XP level 4. HP: 27/27 MP: 3/8
  1391 | D:2      | Noticed Natasha
  1397 | D:2      | Learned a level 2 spell: Throw Flame
  1401 | D:2      | Learned a level 3 spell: Conjure Flame
  1433 | D:2      | Killed Natasha
  1708 | D:2      | Noticed Natasha
  1714 | D:2      | Killed Natasha
  1714 | D:2      | Reached XP level 5. HP: 31/31 MP: 3/9
  2263 | D:3      | Noticed Terence
  2836 | D:3      | Killed Terence
  3249 | D:3      | Found a stormy altar of Qazlal.
  3690 | D:3      | Reached skill level 4 in Fire Magic
  3852 | D:4      | Reached XP level 6. HP: 25/36 MP: 6/11
  3966 | D:4      | Found a shadowy altar of Dithmenos.
  4039 | D:4      | Noticed Eustachio
  4052 | D:4      | Learned a level 4 spell: Sticky Flame
  4100 | D:4      | Killed Eustachio
  4100 | D:4      | Reached skill level 1 in Shields
  4369 | D:4      | Reached XP level 7. HP: 41/41 MP: 4/13
  4727 | D:4      | Reached skill level 5 in Fire Magic
  4937 | D:4      | Noticed Pikel
  4944 | D:4      | HP: 1/41 [Pikel/whip of freezing (7)]
  4944 | D:4      | Slain by Pikel

Vault maps used:
D:1:      wheals_arrival_linesprint, serial_corexii_hall,
          corexii_hall_statues_x, corexii_hall_statues_i, interstate_on_off,
          nemelex_xobeh_ov_fountains_minmay
D:2:      uniq_natasha
D:3:      nicolae_qazlal_eye_of_the_storm, uniq_terence
D:4:      nicolae_dithmenos_the_darkroom, uniq_pikel, uniq_eustachio

Skill      XL: |  1  2  3  4  5  6  7 |
---------------+----------------------+-----
Conjurations   | 2 3 4 |  4.4
Spellcasting   | 3 4 |  4.4
Fire Magic     | 4 5 |  5.0
Shields        | 2 |  2.8
Dodging        | |  2.0
Stealth        | |  2.6

Action                   |  1- 3 |  4- 6 |  7- 9 || total
-------------------------+-------+-------+-------++-------
Melee: Dagger            |     2 |    19 |       ||    21
       Constrict         |     1 |     4 |       ||     5
       Tentacles         |       |     6 |       ||     6
 Cast: Flame Tongue      |    52 |   114 |    32 ||   198
       Throw Flame       |       |     4 |     3 ||     7
       Conjure Flame     |       |     4 |       ||     4
       Sticky Flame      |       |     1 |     1 ||     2
 Stab: Sleeping          |       |     1 |       ||     1
  Eat: Chunk             |     1 |    10 |     2 ||    13
Armor: Skin              |     2 |     8 |       ||    10
Dodge: Dodged            |    26 |    33 |     5 ||    64
